 Dungeon Crawl Stone Soup version 0.27.1 (webtiles) character file.

Game seed: 17424961653308825119

1204 ZARRMARR the Sneak (level 8, -6/52 HPs)
             Began as an Octopode Venom Mage on Sept 4, 2021.
             Succumbed to a gnoll sergeant's poison
             ... on level 6 of the Dungeon.
             The game lasted 00:46:38 (10423 turns).

ZARRMARR the Sneak (Octopode Venom Mage)           Turns: 10423, Time: 00:46:41

Health: -6/52      AC:  1    Str:  7    XL:     8   Next: 45%
Magic:  21/22      EV: 13    Int: 20    God:
Gold:   264        SH:  6    Dex: 12    Spells: 6/14 levels left

rFire    + . .     SeeInvis .   e - +0 dagger
rCold    . . .     Faith    .   c - +2 buckler
rNeg     . . .     Spirit   .   (helmet restricted)
rPois    .         Reflect  .   (no amulet)
rElec    .         Harm     .   l - ring of protection from fire
rCorr    .         Rampage  .   n - ring of magical power
Will     .....                  (no ring)
Stlth    ++++......             (no ring)
HPRegen  0.17/turn              (no ring)
MPRegen  0.18/turn              (no ring)
                                (no ring)
                                (no ring)

@: lethally poisoned (-6 -> -27)
A: almost no armour, amphibious, 8 rings, camouflage 1, gelatinous body 1,
(nimble swimmer 1), tentacles
a: no special abilities


You were on level 6 of the Dungeon.
You visited 2 branches of the dungeon, and saw 8 of its levels.

You collected 264 gold pieces.

Inventory:

Hand Weapons
 e - a +0 dagger (weapon)
Missiles
 a - 11 poisoned darts
 d - 4 silver boomerangs (quivered)
Armour
 c - a +2 buckler (worn)
Jewellery
 l - a ring of protection from fire (left tentacle)
 n - a ring of magical power (right tentacle)
Scrolls
 g - a scroll of immolation
 h - a scroll of blinking
 m - a scroll of enchant weapon {unknown}
 o - a scroll of fear {unknown}
Potions
 b - 3 potions of brilliance
 f - a potion of flight {unknown}
 i - 2 potions of curing
 j - a potion of might {unknown}
 k - a potion of ambrosia {unknown}
 p - a potion of heal wounds {unknown}


   Skills:
 + Level 3.2 Fighting
 + Level 4.1 Dodging
 + Level 5.7 Stealth
 + Level 1.6 Shields
 + Level 3.6 Spellcasting
 + Level 0.7 Hexes
 + Level 3.7 Transmutations
 + Level 3.2 Air Magic
 + Level 5.6 Poison Magic


You had 6 spell levels left.
You knew the following spells:

 Your Spells              Type           Power      Damage    Failure   Level
a - Poisonous Vapours     Pois/Air       42%        N/A       4%          2
b - Sting                 Tmut/Pois      88%        1d7       2%          1
c - Yara's Violent Unrav  Hex/Tmut       6%         3d5       89%         5

Your spell library contained the following spells:

 Spells                   Type           Power      Damage    Failure   Level
 Passwall                 Tmut/Erth      9%         N/A       12%         2
 Swiftness                Air            16%        N/A       14%         3
 Mephitic Cloud           Conj/Pois/Air  15%        N/A       16%         3
 Olgreb's Toxic Radiance  Pois           26%        N/A       17%         4
 Slow                     Hex            6%         N/A       21%         2
 Confusing Touch          Hex            6%         N/A       36%         3
 Summon Guardian Golem    Hex/Summ       5%         N/A       41%         3
 Invisibility             Hex            3%         N/A       100%        6
 Orb of Destruction       Conj           1%         N/A       100%        7
 Spellforged Servitor     Conj/Summ      1%         N/A       100%        7


Dungeon Overview and Level Annotations

Branches:
Dungeon (7/15)             Temple (1/1) D:4

Altars:
Ashenzari
Cheibriados
Fedhas
Gozag
Hepliaklqana
Kikubaaqudgha
Makhleb
Nemelex Xobeh
Okawaru
Qazlal
Ru
Uskayaw
Vehumet
Wu Jian
Xom
Zin
The Shining One

Annotations:
D:3 2 transporters, huihihh's ghost, amateur MiFi
D:4 Pikel


Innate Abilities, Weirdness & Mutations

You cannot wear most types of armour.
You are amphibious.
You can wear up to eight rings at the same time.
Your skin changes colour to match your surroundings (Stealth+).
Your rubbery body absorbs attacks. (AC +1, EV +1)
((You are camouflaged near water. (Stealth+)))
You have tentacles for arms and can constrict up to eight enemies at once.


Message History

Casting: Sting (safe; 2% risk of failure)
Confirm with . or Enter, or press ? or * to list all spells.
Aiming: Sting (safe; 2% risk of failure)
Press: ? - help, Shift-Dir - straight line, f/p - gnoll sergeant
Aim: a gnoll sergeant, wielding a +3 trident of venom, wearing a +0 scale mail and wearing a +2 kite shield of protection (85% to hit)
The sting hits the gnoll sergeant but does no damage.
The gnoll sergeant is poisoned.
The gnoll shouts!
You block the gnoll sergeant's attack.
Casting: Sting (safe; 2% risk of failure)
Confirm with . or Enter, or press ? or * to list all spells.
Aiming: Sting (safe; 2% risk of failure)
Press: ? - help, Shift-Dir - straight line, f/p - gnoll sergeant
Aim: a gnoll sergeant, wielding a +3 trident of venom, wearing a +0 scale mail and wearing a +2 kite shield of protection (poisoned, 85% to hit)
The sting hits the gnoll sergeant but does no damage.
The gnoll sergeant looks even sicker.
The gnoll sergeant hits you from afar with a +3 trident of venom!
You are poisoned.
A gnoll comes into view. It is wielding a +0 spear.
You feel very sick.
You feel sick.
You feel sick.
You feel sick.
Your magical contamination has completely faded away.
You feel sick.
You feel sick.
You feel sick.
The gnoll sergeant hits you from afar with a +3 trident of venom!
You are more poisoned.
You feel sick.
You feel sick.
You feel sick.
There is a stone staircase leading up here.
You feel sick.
The gnoll sergeant hits you from afar with a +3 trident of venom!
* * * LOW HITPOINT WARNING * * *
You are more poisoned.
You climb upwards.
The orc shouts!
You die...

# #........##.##..#
#.#.######
###............#$.# #.#.#
#..........#.#.#).# #.#.#
#.#...............####.#.#
..............#........#.#
##............#..#######.#
)#.#..........#[....# #.#
.#.#.###......#.....#.....
.#.#.####.#.....@.......
.#........#..###....#.o.
.###.######..# #....# ..
.# #.#....o..# #....# .
#.#.#.o...# #....#
#...#<#.#.# ####.#
#######.#.# .# ..#.. .#
#######


You could see an orc.

Vanquished Creatures
  A hornet (D:7)
  A black bear (D:5)
  2 ogres (D:5)
  3 lemures
  2 scorpions
  A jelly (D:5)
  A bullfrog skeleton (D:5)
  2 hounds (D:4)
  4 orc priests
  A centaur skeleton (D:4)
  3 iguanas
  3 orc wizards
  A hound skeleton (D:4)
  6 adders
  An adder skeleton (D:4)
  A worm (D:3)
  3 dart slugs
  18 orcs
  11 ball pythons
  7 bats
  11 endoplasms
  3 giant cockroaches
  8 goblins
  5 hobgoblins
  11 jackals
  6 quokkas
  7 frilled lizards
  9 kobolds
  3 rats
135 creatures vanquished.

Notes
Turn   | Place    | Note
-------+----------+-------------------------------------------
     0 | D:1      | ZARRMARR the Octopode Venom Mage began the quest for the
                  | Orb.
     0 | D:1      | Reached XP level 1. HP: 11/11 MP: 3/3
   271 | D:1      | Reached XP level 2. HP: 17/17 MP: 1/5
   882 | D:1      | Reached XP level 3. HP: 22/22 MP: 3/6
   885 | D:1      | Learned a level 2 spell: Poisonous Vapours
  1596 | D:1      | Found a faded altar of an unknown god.
  1939 | D:2      | Reached skill level 1 in Air Magic
  2499 | D:2      | Reached skill level 1 in Fighting
  2499 | D:2      | Reached XP level 4. HP: 28/28 MP: 0/7
  3219 | D:3      | Found an ornate altar of the Wu Jian Council.
  3937 | D:3      | Found an ancient bone altar of Kikubaaqudgha.
  4211 | D:3      | Found a transporter.
  4220 | D:3      | Noticed huihihh's ghost (amateur MiFi)
  4223 | D:3      | Found a transporter.
  4322 | D:3      | Reached XP level 5. HP: 16/33 MP: 1/8
  4665 | D:4      | Noticed a lemure
  4703 | D:3      | Reached XP level 6. HP: 31/38 MP: 2/10
  5463 | D:4      | You fall into a shaft and drop 1 floor!
  5463 | D:5      | Entered Level 5 of the Dungeon
  6725 | D:4      | Reached XP level 7. HP: 39/45 MP: 9/11
  6809 | D:4      | Noticed Pikel
  7078 | D:4      | Found a staircase to the Ecumenical Temple.
  7084 | Temple   | Entered the Ecumenical Temple
  7490 | D:4      | Found a stormy altar of Qazlal.
  7567 | D:4      | Found a hazy altar of Hepliaklqana.
  8009 | D:5      | Reached skill level 5 in Poison Magic
  8202 | D:5      | Reached skill level 5 in Stealth
  8699 | D:5      | Reached XP level 8. HP: 51/51 MP: 13/13
  8782 | D:5      | Reached skill level 1 in Shields
  9335 | D:5      | Learned a level 5 spell: Yara's Violent Unravelling
 10207 | D:7      | Noticed a hornet
 10212 | D:7      | Paralysed by a hornet for 2 turns
 10214 | D:7      | Killed a hornet
 10422 | D:7      | HP: 1/52 [gnoll sergeant (14)]
 10423 | D:6      | Succumbed to a gnoll sergeant's poison

Illustrated notes

Levels and vault maps discovered:
D:1:      dpeg_arrival_concentric_ovals, layout_loops_ring,
          shapermc_ecumenical_altar_hornbeckon, minmay_pentomino_x4
D:2:      layout_basic
D:3:      layout_basic, kiku_gazebo_garden_becter, lemuel_round_altar,
          gammafunk_ghost_arena, chequers_serial_rivers_micro_e
D:4:      layout_basic, nicolae_hepliaklqana_hippocampus, marbit_many_paths,
          minmay_temple_entry_fiery, minmay_misc_feat_x,
          kennysheep_generic_room_5, uniq_pikel
D:5:      layout_rooms
D:6:      layout_basic, yredelemnul_altar_generic, uniq_duvessa
D:7:      minmay_klotski, layout_basic, mainiacjoe_overflow_catwalk
Temple:   cyrus_circular_temple

Skill      XL: |  1  2  3  4  5  6  7  8 |
---------------+-------------------------+-----
Stealth        | 3 4 5 |  5.7
Air Magic      | 1 2 3 |  3.2
Fighting       | 1 2 3 |  3.2
Poison Magic   | 4 5 |  5.6
Transmutations | 2 3 |  3.7
Dodging        | 3 4 |  4.1
Spellcasting   | 3 |  3.6
Shields        | 1 |  1.6
Hexes          | |  0.7

Action                   |  1- 3 |  4- 6 |  7- 9 || total
-------------------------+-------+-------+-------++-------
Melee: Unarmed           |     2 |       |       ||     2
       Dagger            |    28 |    48 |    36 ||   112
       Constrict         |     9 |    13 |     6 ||    28
       Tentacles         |     5 |     8 |     7 ||    20
Throw: Boomerang         |    15 |       |    18 ||    33
 Cast: Sting             |    47 |    90 |    74 ||   211
       Poisonous Vapours |    21 |    77 |    36 ||   134
  Use: Scroll            |     1 |     1 |     1 ||     3
       Potion            |       |     4 |       ||     4
 Stab: Sleeping          |       |     1 |       ||     1
Armor: Skin              |     5 |     6 |     3 ||    14
Dodge: Dodged            |    31 |    67 |    48 ||   146
Block: Buckler           |       |       |     7 ||     7
